 Dungeon Crawl Stone Soup version 0.30-a0-1016-gfb0d676c02 (webtiles) character file.

Game seed: 1686033386513004539

50 Hubris850 the Insei (level 3, 23/23 HPs)
             Began as an Octopode Transmuter on Apr 6, 2023.
             Quit the game on level 2 of the Dungeon.
             The game lasted 00:02:50 (1100 turns).

Hubris850 the Insei (Octopode Transmuter)           Turns: 1100, Time: 00:02:51

Health: 23/23      AC:  1    Str:  9    XL:     3   Next: 79%
Magic:  5/6        EV: 13    Int: 17    God:
Gold:   19         SH:  0    Dex: 12    Spells: 3/6 levels left

rFire   . . .      SeeInvis .      - Unarmed
rCold   . . .      Faith    .    (no shield)
rNeg    . . .      Spirit   .    (helmet currently unavailable)
rPois   .          Reflect  .    (no amulet)
rElec   .          Rampage  .    (no ring)
rCorr   .                        (no ring)
Will    .....                    (no ring)
Stlth   ++                       (no ring)
HPRegen 0.23/turn                (no ring)
MPRegen 0.10/turn                (no ring)
                                 (no ring)
                                 (no ring)

@: appendages
A: tentacle spike 3, almost no armour, amphibious, 8 rings, camouflage 1,
gelatinous body 1, (nimble swimmer 1), tentacles
a: End Transformation


You were on level 2 of the Dungeon.
One of your tentacles had grown a beastly spike.
You visited 1 branch of the dungeon, and saw 2 of its levels.

You collected 19 gold pieces.

Inventory:

Scrolls
 d - a scroll of teleportation {unknown}
 e - a scroll of noise {unknown}
Potions
 a - 2 potions of lignification
 b - a potion of curing {unknown}
 c - a potion of mutation {unknown}
 f - a potion of degeneration {unknown}
 g - a potion of heal wounds {unknown}
 h - 2 potions of flight {unknown}


   Skills:
 + Level 1.5 Fighting
 + Level 2.3 Dodging
 + Level 3.3 Unarmed Combat
 + Level 2.4 Spellcasting
 + Level 2.3 Transmutations
 + Level 1.1 Ice Magic


You had 3 spell levels left.
You knew the following spells:

 Your Spells              Type           Power      Damage    Failure   Level
a - Beastly Appendage     Tmut           20%        N/A       7%          1
b - Wereblood             Tmut           10%        N/A       11%         2

Your spell library contained the following spells:

 Spells                   Type           Power      Damage    Failure   Level
 Spider Form              Tmut/Pois      6%         N/A       34%         3
 Ignite Poison            Fire/Tmut/Pois 4%         N/A       38%         3
 Ice Form                 Ice/Tmut       8%         N/A       65%         4
 Sticky Flame             Conj/Fire      2%         2d3       88%         4
 Ignition                 Fire           1%         3d3       100%        8


Dungeon Overview and Level Annotations

Branches:
Dungeon (2/15)

Altars:


Innate Abilities, Weirdness & Mutations

One of your tentacles has grown a beastly spike.
You cannot wear most types of armour.
You are amphibious.
You can wear up to eight rings at the same time.
Your skin changes colour to match your surroundings (Stealth+).
Your rubbery body absorbs attacks. (AC +1, EV +1)
((You are camouflaged when in or above water. (Stealth+)))
You have tentacles for arms and can constrict up to eight enemies at once.


Message History

You barely miss the hobgoblin. Your grab misses the hobgoblin.
Your tentacle spike misses the hobgoblin.
The hobgoblin closely misses you.
You closely miss the hobgoblin. You grab the hobgoblin.
You pierce the hobgoblin.
You squeeze the hobgoblin, but do no damage.
The hobgoblin is heavily wounded.
You constrict the hobgoblin, but do no damage.
The hobgoblin closely misses you.
You tentacle-slap the hobgoblin but do no damage.
You pierce the hobgoblin.
You kill the hobgoblin!
No target in view!
A quokka comes into view.
You extend your transformation's duration.
The quokka bites you.
You tentacle-slap the quokka. You grab the quokka.
Your squeeze misses the quokka.
The quokka is heavily wounded.
You constrict the quokka. The quokka barely misses you.
The quokka closely misses you.
You tentacle-slap the quokka.
You kill the quokka!
No target in view!
Your transformation is almost over.
You see here a quokka corpse.
A dart slug comes into view.
Your tentacle spike disappears.
One of your tentacles grows a vicious spike.
The helpless dart slug fails to defend itself.
You tentacle-slap the dart slug. You grab the dart slug.
You pierce the dart slug.
You squeeze the dart slug, but do no damage.
The dart slug is heavily wounded.
You constrict the dart slug. You tentacle-slap the dart slug.
You squeeze the dart slug.
You kill the dart slug!
No target in view!
No target in view!
Are you sure you want to abandon this character and quit the game? (Confirm with "yes".)

## ######...#
####......... #
#######....@# ##
#...........#
.##
#†#####...?.....
..####.##
#.....####
........#
#.....#
###.##..#
####.## #
#.##>.# #.#
#.##..# #.#
#.##).#


There were no monsters in sight!

Vanquished Creatures
  An adder (D:1)
  2 dart slugs
  5 endoplasms (D:1)
  3 giant cockroaches (D:1)
  2 goblins (D:1)
  3 hobgoblins
  4 quokkas
  2 ball pythons
  3 bats (D:1)
  2 frilled lizards (D:1)
  A kobold (D:1)
  6 rats
34 creatures vanquished.

Notes
Turn   | Place    | Note
-------+----------+-------------------------------------------
     0 | D:1      | Hubris850 the Octopode Transmuter began the quest for the
                  | Orb.
     0 | D:1      | Reached XP level 1. HP: 13/13 MP: 3/3
   115 | D:1      | Reached XP level 2. HP: 8/18 MP: 5/5
   420 | D:1      | Reached XP level 3. HP: 23/23 MP: 6/6
   597 | D:1      | Reached skill level 1 in Ice Magic
   942 | D:1      | Learned a level 2 spell: Wereblood
  1100 | D:2      | Quit the game

Illustrated notes

Levels and vault maps discovered:
D:1:      dpeg_arrival_prison, layout_basic, minmay_misc_feat_enclosed
D:2:      layout_loops_ring, basic_altar,
          shapermc_ecumenical_altar_mp_ritualfount, grunt_ministairs_13,
          uniq_robin, uniq_sigmund

Skill      XL: |  1  2  3 |
---------------+----------+-----
Ice Magic      | 1 |  1.1
Fighting       | |  1.5
Dodging        | |  2.3
Unarmed Combat | |  3.3
Spellcasting   | |  2.4
Transmutations | |  2.3

Action                     || total
---------------------------++-------
  Melee: Unarmed           ||    82
         Constrict         ||    21
         Tentacles         ||    15
         Punch             ||     2
         Kick              ||     4
   Cast: Beastly Appendage ||     7
   Stab: Sleeping          ||     9
 Armour: Skin              ||     4
  Dodge: Dodged            ||    53

Table legend: (Time is in decaauts)
 A = Elapsed time spent in this place.
 B = Non-inter-level travel time spent in this place.
 C = Inter-level travel time spent in this place.
 D = Time resting spent in this place.
 E = Time spent auto-exploring this place.
 F = Levels seen in this place.
 G = Mean time per level.
                   A        B        C        D        E       F      G
               +--------+--------+--------+--------+--------+-----+--------+
         Total |   1095 |   1018 |     77 |    133 |    660 |   2 |  547.5 |
       Dungeon |   1095 |   1018 |     77 |    133 |    660 |   2 |  547.5 |
               +--------+--------+--------+--------+--------+-----+--------+

Top non-repeatable levels by time:
     D:1: 984 daAuts
     D:2: 111 daAuts
